 Dungeon Crawl Stone Soup version 0.24-a0-578-gf1077d3 (webtiles) character file.

Game seed: 13249021464250877462

4552 pichaelthompson the Magician (level 10, -1/79 HPs)
             Began as a Gnoll Skald on Aug 20, 2019.
             Was a Follower of Ashenzari.
             Slain by Gastronok (24 damage)
             ... on level 8 of the Dungeon.
             The game lasted 00:28:39 (11190 turns).

pichaelthompson the Magician (Gnoll Skald)         Turns: 11190, Time: 00:28:40

Health: -1/79      AC: 11    Str: 17    XL:     10   Next: 40%
Magic:  20/20      EV: 14    Int: 16    God:    Ashenzari [*.....]
Gold:   116        SH: 10    Dex: 17    Spells: 16/23 levels left

rFire    + . .     SeeInvis .   B - +4 falchion of Ubiynenu {flame, MR+ Stlth+} (curse)
rCold    . . .     Gourm    .   p - +0 shield
rNeg     . . .     Faith    .   y - +5 leather armour of Boredom {rC+}
rPois    .         Spirit   .   x - +0 helmet
rElec    .         Reflect  .   s - +0 cloak
rCorr    .         Harm     .   (no gloves)
MR       +....                  (no boots)
Stlth    ++++......             n - amulet of magic regeneration
HPRegen  0.23/turn              o - ring of fire
MPRegen  0.42/turn              t - +3 ring of strength

@: slowed, very slow
A: distributed training, fangs 1, strong nose
a: Curse Item, Scrying, Renounce Religion


You were on level 8 of the Dungeon.
You worshipped Ashenzari.
Ashenzari was aware of your devotion.
You were not hungry.

You visited 2 branches of the dungeon, and saw 9 of its levels.

You collected 358 gold pieces.
You spent 242 gold pieces at shops.

Inventory:

Hand Weapons
 w - a +0 trident
 B - the cursed +4 falchion of Ubiynenu (weapon) {flame, MR+ Stlth+}
   (You bought it in a shop on level 4 of the Dungeon)

   It has been specially enchanted to burn those struck by it, causing extra
   injury to most foes and up to half again as much damage against particularly
   susceptible opponents.
   Big, fiery blades are also staple armaments of hydra-hunters.
   It affects your resistance to hostile enchantments.
   It makes you more stealthy.
   It has a curse placed upon it.
Missiles
 c - 3 silver boomerangs
 C - 6 boomerangs (quivered)
Armour
 p - a +0 shield (worn)
 s - a +0 cloak (worn)
 x - a +0 helmet (worn)
 y - the +5 leather armour of Boredom (worn) {rC+}
   (You found it on level 6 of the Dungeon)

   It protects you from cold.
Jewellery
 n - an amulet of magic regeneration (around neck)
 o - a ring of fire (left hand)
 t - a +3 ring of strength (right hand)
Wands
 a - a wand of digging (8)
 u - a wand of polymorph (20)
Scrolls
 e - 2 scrolls of immolation {unknown}
 g - a scroll of fear {unknown}
 h - 2 scrolls of magic mapping {unknown}
 i - a scroll of random uselessness {unknown}
 j - a scroll of fog {unknown}
 k - a scroll of noise {unknown}
 l - 5 scrolls of blinking {unknown}
 v - 5 scrolls of teleportation {unknown}
 A - a scroll of silence {unknown}
Potions
 f - 5 potions of curing
 m - a potion of might
 q - a potion of brilliance
 r - 3 potions of haste
 z - 2 potions of heal wounds
Comestibles
 b - 3 chunks of flesh
 d - 9 rations


   Skills:
 + Level 7.0 Fighting
 + Level 5.1 Short Blades
 + Level 5.1 Long Blades
 + Level 5.1 Axes
 + Level 5.1 Maces & Flails
 + Level 7.0 Polearms
 + Level 5.1 Staves
 + Level 5.1 Slings
 + Level 5.1 Bows
 + Level 5.1 Crossbows
 + Level 5.1 Throwing
 + Level 5.8 Armour
 + Level 7.0 Dodging
 + Level 5.1 Stealth
 + Level 5.1 Shields
 + Level 5.1 Unarmed Combat
 + Level 7.2 Spellcasting
 + Level 4.2 Conjurations
 + Level 4.2 Hexes
 + Level 7.0 Charms
 + Level 4.2 Summonings
 + Level 4.2 Necromancy
 + Level 4.2 Translocations
 + Level 4.2 Transmutations
 + Level 4.2 Fire Magic
 + Level 4.2 Ice Magic
 + Level 4.2 Air Magic
 + Level 4.2 Earth Magic
 + Level 4.2 Poison Magic
 + Level 5.6 Invocations
 + Level 5.1 Evocations


You had 16 spell levels left.
You knew the following spells:

 Your Spells              Type           Power        Failure   Level  Hunger
a - Infusion              Chrm           ####         2%          1    None
b - Spectral Weapon       Hex/Chrm       ###.....     16%         3    ##.....
c - Regeneration          Chrm/Necr      ###.......   16%         3    ##.....

Your spell library contained the following spells:

 Spells                   Type           Power        Failure   Level  Hunger
 Song of Slaying          Chrm           ####....     4%          2    None
 Shroud of Golubria       Chrm/Tloc      ###...       8%          2    None
 Corona                   Hex            ###....      9%          1    None
 Ensorcelled Hibernation  Hex/Ice        ###...       13%         2    None
 Confuse                  Hex            ###.....     26%         3    ##.....
 Dazzling Spray           Conj/Hex       ###...       26%         3    ##.....
 Tukima's Dance           Hex            ###.....     26%         3    ##.....


Dungeon Overview and Level Annotations

Branches:
Dungeon (8/15)             Temple (1/1) D:5
   Lair: D:8-11

Altars:
Ashenzari
Dithmenos
Elyvilon
Gozag
Hepliaklqana
Kikubaaqudgha
Makhleb
Nemelex Xobeh
Okawaru
Qazlal
Ru
Sif Muna
Trog
Uskayaw
Vehumet
Wu Jian
Xom
Yredelemnul
Zin
The Shining One

Shops:
D:4 }:(}(

Annotations:
D:8 Gastronok


Innate Abilities, Weirdness & Mutations

Your experience applies equally to all skills.
You have very sharp teeth.
Your uncanny sense of smell can sniff out nearby items.


Message History

You feel as though you will be slow longer.
You hit Gastronok. You burn Gastronok.
Gastronok is moderately wounded.
Your spectral weapon hits Gastronok!
Your spectral weapon burns Gastronok.
Gastronok waves his eye-stalks in wide circles.
The air twists around and strikes you!
* * * LOW HITPOINT WARNING * * *
You hit Gastronok but do no damage.
Gastronok is heavily wounded.
Your spectral weapon hits Gastronok.
Your spectral weapon burns Gastronok.
You block Gastronok's attack.
You hit Gastronok. You burn Gastronok.
Gastronok is heavily wounded.
Your spectral weapon hits Gastronok!
Your spectral weapon burns Gastronok.
You catch the helpless Gastronok completely off-guard!
You slash Gastronok! You burn Gastronok. You bite Gastronok, but do no damage.
Gastronok is severely wounded.
Your spectral weapon hits Gastronok.
Your spectral weapon burns Gastronok.
Gastronok bites you!!
You die...

....######..##.#
...............#######
.....................#
.....................#
.....................#
(....................#
##################...#
#.....#.### ∆
#...(@'.# #...w[### ∆
###+### ∆ ∆ ∆ ∆


You could see Gastronok and a friendly spectral +4 falchion of Ubiynenu {flame,
MR+ Stlth+}.

Vanquished Creatures
  Harold (D:7)
  Prince Ribbit (D:5)
  3 hungry ghosts
  Edmund (D:3)
  Menkaure (D:4)
  5 ogres
  2 orc warriors (D:7)
  2 centaurs
  A gnoll sergeant (D:7)
  Blork the orc (D:4)
  2 bullfrogs
  5 scorpions
  7 killer bees
  7 wights
  2 crimson imps
  A howler monkey (D:5)
  A bullfrog zombie (D:5)
  4 orc priests
  A gnoll shaman (D:4)
  4 hounds
  5 orc wizards
  Natasha (twice) (D:2)
  Ijyb (D:4)
  2 iguanas (D:7)
  5 worker ants
  2 hound skeletons
  A worker ant zombie (D:6)
  A howler monkey zombie (D:5)
  6 gnolls
  14 adders
  A shadow imp (D:7)
  An adder skeleton (D:7)
  2 worms
  2 dart slugs (D:1)
  10 leopard geckos
  26 orcs
  6 giant cockroaches
  8 goblins
  5 hobgoblins
  9 jackals
  9 quokkas
  10 bats
  4 frilled lizards
  10 kobolds
  3 leopard gecko skeletons
  7 rats
  A fungus (D:1)
205 creatures vanquished.

Vanquished Creatures (others)
  A spectral weapon (D:7)
  3 toadstools (D:1)
4 creatures vanquished.

Grand Total: 209 creatures vanquished

Notes
Turn   | Place    | Note
-------+----------+-------------------------------------------
     0 | D:1      | pichaelthompson the Gnoll Skald began the quest for the
                  | Orb.
     0 | D:1      | Reached XP level 1. HP: 20/20 MP: 6/6
    90 | D:1      | Reached XP level 2. HP: 22/26 MP: 1/7
   395 | D:1      | Reached XP level 3. HP: 31/31 MP: 9/9
   400 | D:1      | Learned a level 3 spell: Spectral Weapon
   404 | D:1      | Learned a level 3 spell: Regeneration
   447 | D:1      | Reached skill level 5 in Spellcasting
   854 | D:2      | Reached skill level 1 in Invocations
  1085 | D:2      | Reached skill level 1 in Short Blades
  1085 | D:2      | Reached skill level 1 in Long Blades
  1085 | D:2      | Reached skill level 1 in Axes
  1085 | D:2      | Reached skill level 1 in Maces & Flails
  1085 | D:2      | Reached skill level 1 in Staves
  1085 | D:2      | Reached skill level 1 in Slings
  1085 | D:2      | Reached skill level 1 in Bows
  1085 | D:2      | Reached skill level 1 in Crossbows
  1085 | D:2      | Reached skill level 1 in Throwing
  1085 | D:2      | Reached skill level 1 in Stealth
  1085 | D:2      | Reached skill level 1 in Shields
  1085 | D:2      | Reached skill level 1 in Unarmed Combat
  1085 | D:2      | Reached skill level 1 in Evocations
  1095 | D:2      | Reached XP level 4. HP: 23/38 MP: 2/11
  1269 | D:2      | Noticed Natasha
  1280 | D:2      | Killed Natasha
  1708 | D:2      | Noticed Natasha
  1717 | D:2      | Killed Natasha
  1717 | D:2      | Reached skill level 1 in Conjurations
  1717 | D:2      | Reached skill level 1 in Hexes
  1717 | D:2      | Reached skill level 1 in Summonings
  1717 | D:2      | Reached skill level 1 in Necromancy
  1717 | D:2      | Reached skill level 1 in Translocations
  1717 | D:2      | Reached skill level 1 in Transmutations
  1717 | D:2      | Reached skill level 1 in Fire Magic
  1717 | D:2      | Reached skill level 1 in Ice Magic
  1717 | D:2      | Reached skill level 1 in Air Magic
  1717 | D:2      | Reached skill level 1 in Earth Magic
  1717 | D:2      | Reached skill level 1 in Poison Magic
  1717 | D:2      | Reached XP level 5. HP: 23/43 MP: 12/12
  2005 | D:3      | Found a burning altar of Makhleb.
  2066 | D:3      | Found an iron altar of Okawaru.
  2912 | D:3      | Found a sparkling altar of Nemelex Xobeh.
  3099 | D:4      | Noticed Edmund
  3159 | D:3      | Killed Edmund
  3159 | D:3      | Reached XP level 6. HP: 6/49 MP: 7/14
  3593 | D:4      | Reached skill level 5 in Fighting
  3593 | D:4      | Reached skill level 5 in Polearms
  3593 | D:4      | Reached skill level 5 in Dodging
  3643 | D:4      | Found Borheeg's Antique Weapon Boutique.
  3665 | D:4      | Bought a falchion for 66 gold pieces
  3674 | D:4      | Noticed Blork the orc
  3689 | D:4      | Killed Blork the orc
  3942 | D:4      | Noticed Menkaure
  3947 | D:4      | Killed Menkaure
  3947 | D:4      | Reached XP level 7. HP: 55/55 MP: 12/15
  3991 | D:4      | Found Ubuniefi's Gadget Shoppe.
  4410 | D:4      | Noticed Ijyb
  4418 | D:4      | Killed Ijyb
  4746 | D:4      | Found Gohetuar's Weapon Shoppe.
  4786 | D:4      | Found Naoklix's Gadget Shoppe.
  4900 | D:4      | Found Major's Book Shop.
  5041 | D:5      | Entered Level 5 of the Dungeon
  5326 | D:5      | Found a staircase to the Ecumenical Temple.
  5339 | Temple   | Entered the Ecumenical Temple
  5359 | Temple   | Became a worshipper of Ashenzari the Shackled
  5508 | D:5      | Noticed Prince Ribbit
  5525 | D:5      | Killed Prince Ribbit
  5525 | D:5      | Reached XP level 8. HP: 8/62 MP: 12/16
  6003 | D:5      | Found a shadowy altar of Dithmenos.
  6265 | D:5      | Found an ancient bone altar of Kikubaaqudgha.
  6272 | D:5      | Found a glowing silver altar of Zin.
  6277 | D:5      | Found an opulent altar of Gozag.
  6611 | D:6      | Identified the +5 leather armour of Boredom {rC+}
  7826 | D:7      | Reached XP level 9. HP: 66/68 MP: 18/18
  7984 | D:4      | Bought a polished falchion for 176 gold pieces
  7984 | D:4      | Identified the +4 falchion of Ubiynenu {flame, MR+ Stlth+}
                  | (You bought it in a shop on level 4 of the Dungeon)
  8329 | D:7      | Reached * piety under Ashenzari
  8850 | D:7      | Noticed Harold
  8862 | D:7      | Killed Harold
  8862 | D:7      | Reached skill level 5 in Armour
  8967 | D:7      | Reached skill level 5 in Invocations
  9216 | D:7      | Reached XP level 10. HP: 44/76 MP: 20/20
  9748 | D:6      | HP: 1/76 [killer bee (5)]
 10605 | D:7      | Reached skill level 5 in Short Blades
 10605 | D:7      | Reached skill level 5 in Long Blades
 10605 | D:7      | Reached skill level 5 in Axes
 10605 | D:7      | Reached skill level 5 in Maces & Flails
 10605 | D:7      | Reached skill level 5 in Staves
 10605 | D:7      | Reached skill level 5 in Slings
 10605 | D:7      | Reached skill level 5 in Bows
 10605 | D:7      | Reached skill level 5 in Crossbows
 10605 | D:7      | Reached skill level 5 in Throwing
 10605 | D:7      | Reached skill level 5 in Stealth
 10605 | D:7      | Reached skill level 5 in Shields
 10605 | D:7      | Reached skill level 5 in Unarmed Combat
 10605 | D:7      | Reached skill level 5 in Evocations
 11179 | D:8      | Noticed Gastronok
 11190 | D:8      | Slain by Gastronok

Levels and vault maps discovered:
D:1:      dpeg_arrival_round_c, layout_basic, minmay_misc_feat_alley,
          minivault_24, minmay_gold_behind_fungi
D:2:      layout_loops_cross, uniq_natasha
D:3:      layout_basic, lightli_temple_of_fire, lemuel_round_altar,
          okawaru_gym_becter
D:4:      layout_basic, serial_shops, nicolae_shop_statue_plus,
          nicolae_shop_statue_plus, shop_statue,
          nicolae_shop_overgrown_old_shop, kennysheep_mini_moat, uniq_ijyb,
          uniq_blork_the_orc, uniq_menkaure, uniq_edmund
D:5:      layout_cave_pods, grunt_temple_overflow_gold_and_silver,
          old_standard_altar, lemuel_doored_altar, minmay_temple_entry_slanted,
          first_ration, hangedman_decor_slide_cut, nicolae_underground_beach,
          uniq_prince_ribbit1
D:6:      layout_basic, hangedman_decor_points
D:7:      layout_layer_cave, grunt_ogre_cave, uniq_harold
D:8:      layout_rooms, slow_altar_2, serial_rivers,
          chequers_serial_rivers_large_b, chequers_serial_rivers_small_a,
          chequers_serial_rivers_room_b, chequers_serial_rivers_large_a,
          minmay_shop_mayhem, nicolae_zen_rock_garden, uniq_gastronok,
          uniq_joseph, uniq_maurice
Temple:   dshaligram_water_room_temple

Skill      XL: |  1  2  3  4  5  6  7  8  9 10 |
---------------+-------------------------------+-----
Spellcasting   | 5 6 7 |  7.2
Invocations    | 1 2 3 4 5 |  5.6
Short Blades   | 1 2 3 4 5 |  5.1
Long Blades    | 1 2 3 4 5 |  5.1
Axes           | 1 2 3 4 5 |  5.1
Maces & Flails | 1 2 3 4 5 |  5.1
Staves         | 1 2 3 4 5 |  5.1
Slings         | 1 2 3 4 5 |  5.1
Bows           | 1 2 3 4 5 |  5.1
Crossbows      | 1 2 3 4 5 |  5.1
Throwing       | 1 2 3 4 5 |  5.1
Stealth        | 1 2 3 4 5 |  5.1
Shields        | 1 2 3 4 5 |  5.1
Unarmed Combat | 1 2 3 4 5 |  5.1
Evocations     | 1 2 3 4 5 |  5.1
Conjurations   | 1 2 3 4 |  4.2
Hexes          | 1 2 3 4 |  4.2
Summonings     | 1 2 3 4 |  4.2
Necromancy     | 1 2 3 4 |  4.2
Translocations | 1 2 3 4 |  4.2
Transmutations | 1 2 3 4 |  4.2
Fire Magic     | 1 2 3 4 |  4.2
Ice Magic      | 1 2 3 4 |  4.2
Air Magic      | 1 2 3 4 |  4.2
Earth Magic    | 1 2 3 4 |  4.2
Poison Magic   | 1 2 3 4 |  4.2
Armour         | 3 4 5 |  5.8
Fighting       | 5 6 7 |  7.0
Polearms       | 5 6 7 |  7.0
Dodging        | 5 6 7 |  7.0
Charms         | 6 7 |  7.0

Action                   |  1- 3 |  4- 6 |  7- 9 | 10-12 || total
-------------------------+-------+-------+-------+-------++-------
Melee: Spear             |   193 |   257 |       |       ||   450
       Bite              |    17 |    20 |    44 |    18 ||    99
       Trident           |       |       |   296 |       ||   296
       Punch             |       |       |     5 |       ||     5
       Falchion          |       |       |   102 |    96 ||   198
Throw: Boomerang         |       |       |     4 |    19 ||    23
 Cast: Infusion          |     3 |       |       |       ||     3
       Spectral Weapon   |       |     7 |    14 |     8 ||    29
       Regeneration      |       |     3 |     6 |     4 ||    13
Invok: Curse Item        |       |       |     2 |       ||     2
  Use: Scroll            |       |       |     8 |       ||     8
       Potion            |       |       |       |     1 ||     1
 Stab: Distracted        |       |     3 |     4 |     1 ||     8
       Sleeping          |       |       |     3 |     2 ||     5
  Eat: Chunk             |     1 |    10 |    14 |     6 ||    31
       Ration            |       |       |     2 |     1 ||     3
Armor: Leather armour    |     1 |       |    39 |    31 ||    71
       Scale mail        |    45 |    71 |   117 |       ||   233
Dodge: Dodged            |    99 |   110 |   289 |    62 ||   560
Block: Shield            |       |       |       |    67 ||    67
       Rpst.: Falchion   |       |       |    27 |    11 ||    38

Table legend:
 A = Non-vault XP
 B = Vault XP
 C = Vault XP percentage of total XP
 D = Non-vault monster count
 E = Vault monster count
 F = Vault count percentage of total count
                 A         B        C        D         E       F
            +---------+---------+-------+---------+---------+-------
      Total |    4641 |    1863 |  28.6 |     196 |       8 |   3.9
            +---------+---------+-------+---------+---------+-------
        D:1 |      55 |       0 |   0.0 |      31 |       0 |   0.0
        D:2 |      78 |      37 |  32.2 |      23 |       1 |   4.2
        D:3 |      60 |     169 |  73.8 |      13 |       1 |   7.1
        D:4 |     304 |     284 |  48.3 |      25 |       3 |  10.7
        D:5 |     349 |     259 |  42.6 |      14 |       1 |   6.7
        D:6 |     986 |       0 |   0.0 |      29 |       0 |   0.0
        D:7 |    2094 |    1114 |  34.7 |      50 |       2 |   3.8
        D:8 |     715 |       0 |   0.0 |      11 |       0 |   0.0
            +---------+---------+-------+---------+---------+-------
